 Dungeon Crawl Stone Soup version 0.28-a0-863-g8cecda6153 (webtiles) character file.

Game seed: 323900820094023980

1810 bande the Chopper (level 9, -9/54 HPs)
             Began as a Gargoyle Fighter on Nov 19, 2021.
             Was a Believer of Okawaru.
             Frozen to death by quoriil's ghost (15 damage)
             ... on level 6 of the Dungeon.
             The game lasted 00:12:49 (9067 turns).

bande the Chopper (Gargoyle Fighter)                Turns: 9067, Time: 00:12:49

Health: -9/54      AC: 21    Str: 21    XL:     9   Next: 10%
Magic:  0/11       EV:  6    Int:  9    God:    Okawaru [**....]
Gold:   241        SH:  5    Dex: 11    Spells: 8/8 levels left

rFire   . . .      SeeInvis .   a - +0 war axe
rCold   . . .      Faith    .   c - +0 buckler
rNeg    + . .      Spirit   +   B - +0 plate armour
rPois   ∞          Reflect  .   (no helmet)
rElec   +          Harm     .   (no cloak)
rCorr   .          Rampage  .   (no gloves)
Will    ++...                   p - +1 pair of boots
Stlth   ..........              C - amulet of guardian spirit
HPRegen 0.18/turn               o - ring of willpower
MPRegen 0.12/turn               u - ring of willpower

@: mighty
A: sickness immunity, AC +6, negative energy resistance 1, electricity
resistance, torment resistance 1, petrification resistance
a: Renounce Religion, Heroism


You were on level 6 of the Dungeon.
You worshipped Okawaru.
Okawaru was pleased with you.
You visited 2 branches of the dungeon, and saw 7 of its levels.

You collected 241 gold pieces.

Inventory:

Hand Weapons
 a - a +0 war axe (weapon)
 f - a +0 flail
Armour
 c - a +0 buckler (worn)
 p - a +1 pair of boots (worn)
 B - a +0 plate armour (worn)
Jewellery
 b - a ring of flight
 h - an amulet of reflection
 m - a ring of fire
 o - a ring of willpower (left hand)
 u - a ring of willpower (right hand)
 v - the ring of Unoem {Ice rN+ Str-4 Int+5}
   (You found it on level 5 of the Dungeon)

   [ring of ice]

   It enhances your ice magic.
   Str:       It affects your strength (-4).
   Int:       It affects your intelligence (+5).
   rF:        It makes you vulnerable to fire.
   rC:        It protects you from cold.
   rN:        It protects you from negative energy.
 C - an amulet of guardian spirit (around neck)
Wands
 n - a wand of flame (17)
 s - a wand of acid (7)
 x - a wand of iceblast (8)
 z - a wand of polymorph (7)
Scrolls
 e - 2 scrolls of teleportation
 g - 2 scrolls of fear
 l - a scroll of brand weapon {unknown}
 q - 2 scrolls of identify
 r - a scroll of torment {unknown}
 w - a scroll of vulnerability {unknown}
 y - a scroll of blinking {unknown}
 A - a scroll of enchant armour {unknown}
Potions
 i - 9 potions of curing
 j - a potion of brilliance {unknown}
 k - a potion of cancellation {unknown}
 t - a potion of degeneration {unknown}


   Skills:
 + Level 5.0 Fighting
 + Level 6.6 Axes
 + Level 6.1 Armour
 - Level 0.2 Dodging
 - Level 0.5 Stealth
 + Level 5.7 Shields
 * Level 3.7 Invocations
 * Level 3.0 Evocations


You had 8 spell levels left.
You didn't know any spells.
Your spell library contained the following spells:

 Spells                   Type           Power      Damage    Failure   Level
 Sandblast                Erth           0%         2d4       100%        1
 Ensorcelled Hibernation  Hex/Ice        0%         N/A       100%        2
 Passwall                 Tmut/Erth      0%         N/A       100%        2
 Spider Form              Tmut/Pois      0%         N/A       100%        3
 Stone Arrow              Conj/Erth      0%         3d7       100%        3
 Alistair's Intoxication  Tmut/Pois      0%         N/A       100%        5
 Borgnjor's Vile Clutch   Necr/Erth      0%         N/A       100%        5
 Eringya's Noxious Bog    Tmut/Pois      0%         N/A       100%        6
 Tukima's Dance           Hex            Unusable   N/A       N/A         3

Dungeon Overview and Level Annotations

Branches:
Dungeon (6/15)             Temple (1/1) D:4

Altars:
Ashenzari
Cheibriados
Dithmenos
Elyvilon
Fedhas
Gozag
Hepliaklqana
Kikubaaqudgha
Makhleb
Nemelex Xobeh
Okawaru
Qazlal
Ru
Sif Muna
Uskayaw
Vehumet
Xom
Yredelemnul
Zin
The Shining One

Shops:
D:5 **

Annotations:
D:6 quoriil's ghost, novice GrIE


Innate Abilities, Weirdness & Mutations

You are immune to sickness and miasma.
Your stone body is resilient. (AC +6)
You are immune to poison.
You resist negative energy. (rN+)
You are resistant to electric shocks. (rElec)
You are resistant to unholy torment.
You are immune to petrification.


Message History

Quoriil's ghost is moderately damaged.
Quoriil's ghost hits you.
You closely miss quoriil's ghost.
Quoriil's ghost is moderately damaged.
Quoriil's ghost hits you but does no damage.
You hit quoriil's ghost but do no damage.
Quoriil's ghost is moderately damaged.
Quoriil's ghost hits you but does no damage.
You feel better.
Quoriil's ghost hits you but does no damage.
You feel very mighty all of a sudden. Quoriil's ghost freezes you.
You are frozen!
You slice quoriil's ghost!!
Quoriil's ghost is heavily damaged.
Quoriil's ghost freezes you.
You are frozen!
Unknown command.
You hit quoriil's ghost.
Quoriil's ghost is severely damaged.
Quoriil's ghost hits you but does no damage.
You slash quoriil's ghost!
Quoriil's ghost is almost destroyed.
Quoriil's ghost hits you but does no damage.
Quoriil's ghost completely misses you.
Your plate armour prevents you from hitting quoriil's ghost.
Quoriil's ghost is almost destroyed.
Quoriil's ghost freezes you.
You are frozen.
* * * LOW HITPOINT WARNING * * *
You hit quoriil's ghost.
Quoriil's ghost is almost destroyed.
Quoriil's ghost freezes you.
You are frozen!
* * * LOW HITPOINT WARNING * * *
You closely miss quoriil's ghost.
Quoriil's ghost is almost destroyed.
Quoriil's ghost freezes you.
You are frozen!
You die...

......................#....##..##
.[............##.....###..####...
.............######.## #..## ##..
..............#.?.### #...## #..
..............#.≈.# #....###..
............#.#.≈.# ##.#......
.........>.#..#.≈.### #.#......
..........##..#.W.#.### #...###..
....#.....##..##@##...###..## #).
...##.....#...............## ##..
..####.....>##....#.......####...
.## #......#....####......##..##
.## #.........### ##...........
..#####........# ##......####
.(............## ##.......###
..............# #.........##
#.........)...# ####...........


You could see quoriil's ghost.

Vanquished Creatures
  Grinder (D:5)
  Sigmund (D:5)
  Menkaure (D:5)
  An orc warrior (D:6)
  A sky beast (D:6)
  A black bear (D:4)
  2 phantoms
  2 bullfrogs
  2 gnoll sergeants
  A centaur zombie (D:5)
  3 orc priests (D:6)
  2 hounds (D:5)
  A jelly (D:3)
  A bullfrog skeleton (D:6)
  Jessica (D:2)
  An iguana (D:5)
  An orc wizard (D:6)
  A hound skeleton (D:4)
  A hound zombie (D:5)
  15 gnolls
  7 adders
  A white imp (D:5)
  2 adder skeletons (D:4)
  A dart slug (D:2)
  5 worms
  13 orcs
  7 ball pythons
  7 bats
  6 endoplasms
  2 giant cockroaches
  8 goblins
  7 hobgoblins
  2 kobolds
  6 quokkas
  5 frilled lizards (D:1)
  A quokka skeleton (D:4)
  4 rats
124 creatures vanquished.

Notes
Turn   | Place    | Note
-------+----------+-------------------------------------------
     0 | D:1      | bande the Gargoyle Fighter began the quest for the Orb.
     0 | D:1      | Reached XP level 1. HP: 14/14 MP: 1/1
    46 | D:1      | Reached XP level 2. HP: 9/19 MP: 2/2
   298 | D:1      | Reached XP level 3. HP: 23/23 MP: 3/3
   670 | D:1      | Found a faded altar of an unknown god.
  1033 | D:2      | Reached XP level 4. HP: 29/29 MP: 4/4
  1574 | D:2      | Found a sparkling altar of Nemelex Xobeh.
  1701 | D:2      | Noticed Jessica
  1706 | D:2      | Killed Jessica
  1972 | D:3      | Reached XP level 5. HP: 27/33 MP: 5/5
  2995 | D:4      | Noticed a black bear
  3011 | D:4      | Reached XP level 6. HP: 29/38 MP: 6/6
  3019 | D:4      | Killed a black bear
  4146 | D:4      | Found a staircase to the Ecumenical Temple.
  4152 | Temple   | Entered the Ecumenical Temple
  4313 | Temple   | Became a worshipper of Warmaster Okawaru
  4730 | D:4      | Reached XP level 7. HP: 41/43 MP: 7/7
  4795 | D:4      | Found a sparkling altar of Nemelex Xobeh.
  5244 | D:4      | Reached skill level 1 in Invocations
  5369 | D:5      | Entered Level 5 of the Dungeon
  5427 | D:5      | Reached skill level 5 in Armour
  5502 | D:4      | Reached skill level 1 in Evocations
  5942 | D:5      | Found a shimmering blue altar of Sif Muna.
  5943 | D:5      | Found a burning altar of Makhleb.
  5944 | D:5      | Found an ancient bone altar of Kikubaaqudgha.
  5944 | D:5      | Found a basalt altar of Yredelemnul.
  6040 | D:5      | Noticed Sigmund
  6063 | D:5      | Killed Sigmund
  6063 | D:5      | Reached * piety under Okawaru
  6064 | D:5      | Reached skill level 5 in Axes
  6064 | D:5      | Reached skill level 5 in Shields
  6064 | D:5      | Reached XP level 8. HP: 14/48 MP: 9/9
  6526 | D:5      | Found Muusyt's Specific Store.
  6528 | D:5      | Found Dafocehi's General Store.
  6636 | D:5      | Noticed Grinder
  6651 | D:5      | Killed Grinder
  6743 | D:5      | Noticed Menkaure
  6749 | D:5      | Killed Menkaure
  6861 | D:5      | Identified the ring of Unoem {Ice rN+ Str-4 Int+5}
  7133 | D:5      | Found a glowing golden altar of the Shining One.
  7134 | D:5      | Found a white marble altar of Elyvilon.
  7136 | D:5      | Found a glowing silver altar of Zin.
  7266 | D:6      | Found a runed translucent door.
  7310 | D:6      | Reached ** piety under Okawaru
  8123 | D:6      | Found a stormy altar of Qazlal.
  8478 | D:6      | Reached XP level 9. HP: 53/53 MP: 11/11
  8520 | D:6      | Reached skill level 5 in Fighting
  9049 | D:6      | Noticed quoriil's ghost (novice GrIE)
  9067 | D:6      | Frozen to death by quoriil's ghost

Illustrated notes

Levels and vault maps discovered:
D:1:      dpeg_arrival_tiny_a, layout_rooms, dreamdust_ecumenical_altar_statues,
          roderic_serpentine_path, minivault_25
D:2:      layout_loops_ring, serial_aquarium, aquarium_bridge_square
          [aquarium_subvault_bridge, aquarium_subvault_bridge,
          aquarium_subvault_bridge, aquarium_subvault_wall], aquarium_window_1,
          aquarium_window_fake, aquarium_window_corridor_1, aquarium_view_2c,
          aquarium_balcony_1a, aquarium_pool_2, basic_altar,
          minmay_split_cup_small, uniq_jessica
D:3:      layout_rooms, kennysheep_generic_room_11
D:4:      layout_cave_pods, lemuel_tele_altar,
          minmay_temple_entry_enclosed_plants
D:5:      layout_loops_corners, good_gods_temple_1,
          chequers_temple_overflow_statue_of_worship, nicolae_specific_store,
          serial_bayou_ford_a, hangedman_decor_push, uniq_grinder, uniq_sigmund,
          uniq_menkaure
D:6:      layout_layer_cave, mainiacjoe_overflow_six_doors_small,
          ebering_ghost_reflecting_pool, palyth_stone_intersect,
          minmay_misc_feat_diagonals, fountainhead, nicolae_lava_and_water
Temple:   grunt_temple_mini_profane

Skill      XL: |  1  2  3  4  5  6  7  8  9 |
---------------+----------------------------+-----
Axes           | 2 3 4 5 6 |  6.6
Shields        | 4 5 |  5.7
Fighting       | 4 5 |  5.0
Armour         | 4 5 6 |  6.1
Invocations    | 2 3 |  3.7
Evocations     | 1 2 3 |  3.0
Dodging        | |  0.2
Stealth        | |  0.5

Action                   |  1- 3 |  4- 6 |  7- 9 || total
-------------------------+-------+-------+-------++-------
Melee: War axe           |   100 |   171 |   306 ||   577
  Use: Scroll            |       |     6 |       ||     6
       Potion            |       |       |     3 ||     3
Armor: Scale mail        |    68 |    72 |       ||   140
       Chain mail        |       |    38 |   139 ||   177
       Plate armour      |       |       |    54 ||    54
Dodge: Dodged            |    77 |    96 |    91 ||   264
Block: Buckler           |    29 |    92 |   118 ||   239
       Reflection        |       |     4 |       ||     4

Table legend: (Time is in decaauts)
 A = Elapsed time spent in this place.
 B = Non-inter-level travel time spent in this place.
 C = Inter-level travel time spent in this place.
 D = Time resting spent in this place.
 E = Time spent auto-exploring this place.
 F = Levels seen in this place.
 G = Mean time per level.
                   A        B        C        D        E       F      G
               +--------+--------+--------+--------+--------+-----+--------+
         Total |   9251 |   9144 |    107 |   2516 |   4963 |   7 | 1321.6 |
       Dungeon |   9026 |   8939 |     87 |   2516 |   4786 |   6 | 1504.3 |
        Temple |    225 |    205 |     20 |      0 |    177 |   1 |  225.0 |
               +--------+--------+--------+--------+--------+-----+--------+

Top non-repeatable levels by time:
     D:4: 2016 daAuts
     D:6: 1921 daAuts
     D:5: 1656 daAuts
     D:2: 1604 daAuts
     D:3: 1014 daAuts
     D:1: 812 daAuts
  Temple: 225 daAuts
